 Dungeon Crawl Stone Soup version 0.17-a0-1763-g847a857 (webtiles) character file.

599 kae the Cleaver (level 7, -1/57 HPs)
             Began as a Hill Orc Fighter on Sept 4, 2015.
             Was an Initiate of Qazlal.
             Slain by an orc wizard
             ... wielding a +1 dagger of electrocution
              (20 damage)
             ... on level 5 of the Dungeon.
             The game lasted 00:04:04 (3410 turns).

kae the Cleaver (Hill Orc Fighter)                  Turns: 3410, Time: 00:04:04

Health: -1/57      AC:  9    Str: 19    XL:     7   Next: 41%
Magic:  7/7        EV:  7    Int:  8    God:    Qazlal [......]
Gold:   96         SH:  9    Dex: 12    Spells: 0 memorised, 6 levels left

rFire  . . .     SeeInvis .     a - +1 war axe
rCold  . . .     Clarity  .     b - +0 scale mail
rNeg   . . .     SustAt   .     c - +0 shield
rPois  .         Gourm    .     (no helmet)
rElec  .         Spirit   .     i - +1 cloak
rCorr  .         Warding  .     (no gloves)
rMut   .         Stasis   .     (no boots)
MR     .....                    (no amulet)
Stlth  ..........               (no ring)
                                (no ring)

@: not resistant to hostile enchantments, extremely unstealthy
A: no striking features
a: Renounce Religion


You were on level 5 of the Dungeon.
You worshipped Qazlal.
Qazlal was noncommittal.
You were near starving.

You visited 2 branches of the dungeon, and saw 6 of its levels.

You collected 96 gold pieces.

Inventory:

Hand weapons
 a - a +1 war axe (weapon)
Armour
 b - a +0 scale mail (worn)
 c - a +0 shield (worn)
 i - a +1 cloak (worn)
Jewellery
 v - a +4 ring of dexterity {unknown}
 A - an uncursed ring of protection from cold {unknown}
Magical devices
 l - a wand of magic darts (13)
 n - a wand of confusion (22)
Scrolls
 e - 3 scrolls of teleportation {unknown}
 g - a scroll of blinking
 k - a scroll of enchant armour
 o - a scroll of random uselessness {unknown}
 q - a scroll of identify
 r - a scroll of fear {unknown}
 u - a scroll of enchant weapon
 w - 2 scrolls of recharging
 y - a scroll of fog {unknown}
Potions
 d - a potion of might
 j - a potion of heal wounds {unknown}
 p - a potion of invisibility {unknown}
 t - 2 potions of mutation {unknown}
 z - a potion of resistance {unknown}
Comestibles
 f - a slice of pizza
 h - a beef jerky
 m - a royal jelly
 s - 3 meat rations
 x - a bread ration
 B - 2 fruits


   Skills:
 - Level 3.6 Fighting
 + Level 10.4 Axes
 - Level 3.2 Armour
 - Level 3.2 Shields


You had 6 spell levels left.
You didn't know any spells.

Dungeon Overview and Level Annotations

Branches:
Dungeon (5/15)             Temple (1/1) D:4

Altars:
Ashenzari
Cheibriados
Dithmenos
Elyvilon
Gozag
Makhleb
Nemelex Xobeh
Okawaru
Qazlal
Sif Muna
Xom
Yredelemnul


Message History

The orc priest is almost dead.
You closely miss something.
The orc priest mumbles some strange prayers to Beogh against you.
You struggle to resist.
Something hits you but does no damage.
You slash the orc priest!
You kill the orc priest!
Qazlal accepts your kill.
You hit something but do no damage.
You hear some strange, mumbled words.
A puff of flame appears from out of thin air!
The puff of flame hits you!
No target in view!
No target in view!
No target in view!
Unknown command.
No target in view!
No target in view!
Unknown command.
Something hits you.
You are electrocuted!
You die...

........... ..........
....... ..........
........ .........
........ .........
........ ##+##........
#......#+##...#........
+......+......)@)......
##......######+#()......
#...###.......(.)#+#....
#...+.#......(.!.+ ...
#...#.'..........# .
+...#.#..............
#...#.#.............#
(..##.##+##+##+##...#
...'......... #+##


There were no monsters in sight!

Vanquished Creatures
  An ogre (D:4)
  A scorpion (D:4)
  A centaur skeleton (D:4)
  2 iguanas (D:4)
  Ijyb (D:3)
  Jessica (D:2)
  A giant frog skeleton (D:4)
  2 orc wizards
  Natasha (thrice) (D:2)
  3 orc priests
  A hound skeleton (D:4)
  4 adders
  An ooze (D:2)
  3 worms
  3 giant geckos
  9 orcs
  6 giant cockroaches
  2 hobgoblins (D:1)
  2 quokkas
  A ball python (D:4)
  4 bats
  A giant gecko skeleton (D:4)
  4 giant newts
  6 goblins
  6 kobolds
  A quokka skeleton (D:4)
  6 rats
  2 plants (D:1)
78 creatures vanquished.

Vanquished Creatures (others)
  A quokka (D:2)
1 creature vanquished.

Grand Total: 79 creatures vanquished

Notes
Turn   | Place    | Note
--------------------------------------------------------------
     0 | D:1      | kae the Hill Orc Fighter began the quest for the Orb.
     0 | D:1      | Reached XP level 1. HP: 19/19 MP: 1/1
   445 | D:1      | Reached XP level 2. HP: 26/26 MP: 2/2
   680 | D:1      | Reached skill level 4 in Axes
   736 | D:2      | Noticed Jessica
   745 | D:2      | Killed Jessica
   745 | D:2      | Reached skill level 5 in Axes
   745 | D:2      | Reached XP level 3. HP: 17/31 MP: 3/3
   758 | D:2      | Found a snail-covered altar of Cheibriados.
   965 | D:2      | Noticed Natasha
   981 | D:2      | Killed Natasha
   981 | D:2      | Reached XP level 4. HP: 13/39 MP: 4/4
  1111 | D:2      | Noticed Natasha
  1174 | D:2      | Killed Natasha
  1174 | D:2      | Reached skill level 6 in Axes
  1251 | D:2      | Found a white marble altar of Elyvilon.
  1261 | D:2      | Noticed Natasha
  1266 | D:2      | Killed Natasha
  1830 | D:3      | Reached XP level 5. HP: 45/45 MP: 5/5
  1910 | D:3      | Noticed Ijyb
  1935 | D:3      | Killed Ijyb
  1935 | D:3      | Reached skill level 7 in Axes
  2200 | D:4      | Noticed an ogre
  2208 | D:4      | Killed an ogre
  2208 | D:4      | Reached skill level 8 in Axes
  2208 | D:4      | Reached XP level 6. HP: 23/51 MP: 6/6
  2470 | D:4      | Reached skill level 9 in Axes
  2593 | D:4      | Reached XP level 7. HP: 53/57 MP: 7/7
  2668 | D:4      | Found an opulent altar of Gozag.
  2894 | D:4      | Found a basalt altar of Yredelemnul.
  3057 | D:4      | Found a staircase to the Ecumenical Temple.
  3162 | Temple   | Entered the Ecumenical Temple
  3207 | Temple   | Became a worshipper of Qazlal Stormbringer
  3361 | D:5      | Entered Level 5 of the Dungeon
  3403 | D:5      | Reached skill level 10 in Axes
  3410 | D:5      | Slain by an orc wizard

Vault maps used:
D:1:      roderic_crop_circles_arrival_small
D:2:      elyvilon_altar_4, cheibriados_altar_1, kennysheep_cross_bottleneck,
          uniq_jessica, uniq_natasha
D:3:      st_stairs_4, uniq_iyjb
D:4:      nicolae_overflow_crystal_walls, kennysheep_mini_moat,
          minmay_temple_entry_poolview
D:5:      tgw_trog, first_bread
Temple:   minmay_temple_bridge_a_8

Action                   |  1- 3 |  4- 6 |  7- 9 || total
-------------------------+-------+-------+-------++-------
Melee: War axe           |   101 |   129 |    37 ||   267
  Use: Scroll            |     4 |       |       ||     4
  Eat: Chunk             |       |     1 |     1 ||     2
       Bread ration      |       |     1 |       ||     1
